cohdb
Replays
Latest Replays
All Replays
Popular Replays
Top Player Replays
Match Explorer
How It Works
Community
CoH3 Stats
Reddit
Sign in to upload your games and track your stats! →
Sign in with Steam
Match 42720662
Unlisted
Match 42720662
Overview
Messages
Build Orders
End
Engineer Squad
Construct Barracks
Construct Barracks
Riflemen Squad
1⁄4-ton 4x4 Truck
Riflemen Squad
Mechanized Support Center
Designate Forward Repair Station
Construct Motor Pool
Selects Heavy Weapons
Selects Assault Carriers
Riflemen Squad
Grenade Package
Selects Exchangeable Parts
M16 Multiple Gun Motor Carriage
M1918 Browning Automatic Rifles
Construct Medical Station
M3 75 mm Gun Motor Carriage
M1 Anti-tank Gun Team
dan legend
Buddy^
Einhander
Omlás
BUTCHER
mb2rk
Shiznit
Durth Sheetius
0
0
Comments
sign in to comment!
No comments posted yet!